 Dungeon Sprint DCSS version 0.29-a0-892-g2c4c91d9db (webtiles) character file.

Game seed: 9529738288881218294

5127 ShadedKnight the Frost Mage (level 10, -40/61 HPs)
             Began as a Vine Stalker Ice Elementalist on July 23, 2022.
             Was an Initiate of Gozag.
             Killed from afar by a war gargoyle (54 damage)
             ... with a spray of metal splinters
             ... in the Dungeon (Sprint V: "Ziggurat Sprint").
             The game lasted 00:12:46 (771 turns).

ShadedKnight the Frost Mage (VSIE)                   Turns: 771, Time: 00:12:47

Health: -40/61     AC:  3    Str:  8    XL:     10   Next: 58%
Magic:  0/23       EV: 16    Int: 31    God:    Gozag
Gold:   1833       SH:  7    Dex: 20    Spells: 5/25 levels left

rFire   + . .      SeeInvis .   s - staff of cold
rCold   + . .      Faith    .   A - +3 buckler
rNeg    . . .      Spirit   +   a - +0 robe
rPois   .          Reflect  .   r - +1 hat {Stlth+}
rElec   .          Harm     .   (no cloak)
rCorr   .          Rampage  +   (no gloves)
Will    +....      NoTele   +   (no boots)
Stlth   +++.......              j - amulet of Xieviof {Rampage rF+ Regen+ Str-2 Dex+4}
HPRegen 1.80/turn               u - +6 ring of intelligence
MPRegen 0.18/turn               v - +6 ring of intelligence

@: no status effects
A: fangs 3, regeneration 1, magic shield, antimagic bite, no potion heal 2
a: Renounce Religion, Potion Petition, Call Merchant, Bribe Branch


You were in the Dungeon.
You worshipped Gozag.
Gozag was most pleased with you.
You visited 1 branch You collected 3213 gold pieces.
You paid 1380 gold pieces to Gozag.


Innate Abilities, Weirdness & Mutations

You have razor-sharp teeth.
Your natural rate of healing is unusually fast.
When hurt, damage is shared between your health and your magic reserves.
Your bite disrupts and absorbs the magic of your enemies.
Potions cannot restore your health.


   Skills:
 + Level 11.4 Fighting
 - Level 6.6 Dodging
 - Level 2.4 Stealth
 - Level 8.0 Spellcasting
 + Level 9.9 Conjurations
 - Level 13.1 Ice Magic
 + Level 10.0 Air Magic
 - Level 1.4 Evocations


You had 5 spell levels left.
You knew the following spells:

 Your Spells              Type           Power      Damage    Failure   Level
a - Freeze                Ice            100%       1d11      1%          1
b - Metabolic Englaciati  Hex/Ice        34%        N/A       11%         5
c - Ozocubu's Armour      Ice            96%        N/A       1%          3
d - Hailstorm             Conj/Ice       90%        3d18      1%          4
e - Freezing Cloud        Conj/Ice/Air   44%        6-21      1%          5
f - Sublimation of Blood  Necr           12%        N/A       9%          2

Your spell library contained the following spells:

 Spells                   Type           Power      Damage    Failure   Level
 Frozen Ramparts          Ice            100%       1d12      1%          3
 Mephitic Cloud           Conj/Pois/Air  52%        N/A       1%          3
 Apportation              Tloc           24%        N/A       5%          1
 Summon Small Mammal      Summ           48%        N/A       5%          1
 Fulminant Prism          Conj/Hex       21%        3d13      7%          4
 Blink                    Tloc           24%        N/A       9%          2
 Passwall                 Tmut/Erth      10%        N/A       9%          2
 Ignite Poison            Fire/Tmut/Pois 12%        N/A       16%         3
 Portal Projectile        Hex/Tloc       24%        N/A       16%         3
 Cause Fear               Hex            6%         N/A       47%         4
 Leda's Liquefaction      Hex/Erth       6%         N/A       47%         4
 Alistair's Intoxication  Tmut/Pois      8%         N/A       83%         5
 Yara's Violent Unravell  Hex/Tmut       6%         3d5       83%         5

Inventory:

Hand Weapons
 z - the +8 lance "Wyrmbane" {slay drac, rPois rF+ rC+ AC+3}
   (You found it in the Dungeon)

   It inflicts extra damage against dragons and draconians.
   AC:        It affects your AC (+3).
   rF:        It protects you from fire.
   rC:        It protects you from cold.
   rPois:     It protects you from poison.
Missiles
 D - a throwing net
Armour
 a - a +0 robe (worn)
 r - a +1 hat of stealth (worn)
 A - a +3 buckler (worn)
 C - +2 ice dragon scales
Magical Staves
 s - a staff of cold (weapon)
Jewellery
 j - the amulet of Xieviof (around neck) {Rampage rF+ Regen+ Str-2 Dex+4}
   (You found it in the Dungeon)

   [amulet of regeneration]

   Str:       It affects your strength (-2).
   Dex:       It affects your dexterity (+4).
   rF:        It protects you from fire.
   Regen:     It increases your rate of health regeneration.
   Rampage:   It bestows one free step when moving towards enemies.
 u - a +6 ring of intelligence (left hand)
 v - a +6 ring of intelligence (right hand)
 w - the ring "Gaykleqe" {Fly rPois rF+ rN+ Dex+3}
   (You found it in the Dungeon)

   [ring of poison resistance]

   Dex:       It affects your dexterity (+3).
   rF:        It protects you from fire.
   rPois:     It protects you from poison.
   rN:        It protects you from negative energy.
   Fly:       It grants you flight.
 E - an amulet of magic regeneration
Wands
 p - a wand of mindburst (7)
Scrolls
 f - 2 scrolls of blinking
 l - 3 scrolls of amnesia
 m - 7 scrolls of fog
 n - 5 scrolls of identify
 o - 2 scrolls of fear
 t - 4 scrolls of enchant armour
Potions
 b - 8 potions of magic
 c - 10 potions of curing
 d - 6 potions of haste
 e - 3 potions of berserk rage
 g - 2 potions of brilliance
 h - 2 potions of invisibility
 i - 4 potions of resistance
 k - 5 potions of might
Miscellaneous
 q - a tin of tremorstones (2/2)
 x - a piece from Xom's chessboard (15/15)
 y - a lightning rod (4/4)
 B - a phantom mirror
 F - a condenser vane

Dungeon Overview and Level Annotations

Branches:
Dungeon (1/1) Zot: 27000

Altars:
Ashenzari
Cheibriados
Dithmenos
Elyvilon
Fedhas
Gozag
Hepliaklqana
Kikubaaqudgha
Makhleb
Nemelex Xobeh
Okawaru
Qazlal
Ru
Sif Muna
Trog
Uskayaw
Vehumet
Wu Jian
Xom
Yredelemnul
Zin
The Shining One
Jiyva
Lugonu

▓..[|"....▓
▓..)§)}:..▓....=}|..▓
▓...§9§§..▓......)..▓
▓...§9§§§.▓.)))))...▓
▓..z9§9§§.▓....)....▓
▓..§§z§§E.▓.........▓
▓...§9§.§.▓.▓)....▓.▓
▓.▓§§§..▓.▓....©....▓
▓....@....▓▓▓▓▓▓▓▓▓▓▓
▓▓▓▓▓▓▓▓▓▓▓


You could see a quicksilver elemental, 2 ancient champions and 5 war gargoyles.


Message History

A tormentor comes into view!
A war gargoyle comes into view!
It is wielding a +1 morningstar of protection!
The tormentor moves out of view!
A war gargoyle comes into view!
It is wielding a +0 morningstar of flaming!
Casting: Freezing Cloud (dangerous; 1% risk of failure)
Confirm with ! or Enter, or press ? or * to list all spells!
Aiming: Freezing Cloud (dangerous; 1% risk of failure)
Press: ? - help, Dir - move target You feel a strong surge of power!!!
The quicksilver elemental breathes dispelling energy at you!
The bolt of dispelling energy hits you!!!!!!
Your magical effects are unravelling!
The war gargoyle is engulfed in freezing vapours!
The ancient champion is engulfed in freezing vapours!
The war gargoyle is engulfed in freezing vapours! x2
Casting: Freezing Cloud (dangerous; 1% risk of failure)
Confirm with ! or Enter, or press ? or * to list all spells!
Aiming: Freezing Cloud (dangerous; 1% risk of failure)
Press: ? - help, Dir - move target You feel a strong surge of power!!!
Your icy armour evaporates!
You feel a little less clever now!
The ancient champion is engulfed in freezing vapours!
The war gargoyle launches metal splinters at you!
The spray of metal splinters hits you!!!!!!!!!
DANG; * * * don't die
* * * The war gargoyle launches metal splinters at you!
The spray of metal splinters hits you!!!!!!!!!
DANG rip Your body crumbles into a pile of gold!

Skill      XL: |  1  2  3  4  5  6  7  8  9 10 |
---------------+-------------------------------+-----
Fighting       | 3 5 6 8 10 11 | 11.4
Dodging        | 2 3 4 5 6 |  6.6
Spellcasting   | 4 6 7 8 |  8.0
Ice Magic      | 10 11 12 13 | 13.1
Evocations     | 1 |  1.4
Conjurations   | 4 7 8 9 |  9.9
Air Magic      | 4 7 8 10 | 10.0
Stealth        | |  2.4

Action                   |  1- 3 |  4- 6 |  7- 9 | 10-12 || total
-------------------------+-------+-------+-------+-------++-------
Melee: Lance             |       |    15 |     3 |       ||    18
       Bite              |       |     3 |     3 |    11 ||    17
       Staff             |       |       |     3 |    22 ||    25
 Cast: Freezing Cloud    |       |       |     4 |    17 ||    21
       Freeze            |       |       |     3 |     1 ||     4
       Hailstorm         |       |       |     1 |       ||     1
       Ozocubu's Armour  |       |       |       |     1 ||     1
Invok: Potion Petition   |       |       |       |     4 ||     4
Evoke: Wand              |     5 |       |     2 |       ||     7
       Lightning rod     |       |     5 |     9 |       ||    14
       Tin of tremorston |       |       |     2 |       ||     2
  Use: Scroll            |     1 |       |     2 |       ||     3
       Potion            |       |       |     1 |       ||     1
Armor: Robe              |       |     1 |     4 |    10 ||    15
Dodge: Dodged            |       |     6 |     4 |    37 ||    47
Block: Buckler           |     2 |     2 |     3 |    17 ||    24

Levels and vault maps discovered:
D:        sprint_v [room_start, room_1, room_2, room_3, room_4, room_5, room_6,
          room_7, room_8, room_9, room_10, room_11, room_12, room_13, room_14,
          room_15, room_16, room_17, room_18, room_19, room_20, room_21,
          room_22, room_23, room_24, room_25, room_26, room_27]

Notes
Turn   | Place    | Note
-------+----------+-------------------------------------------
     0 | D        | ShadedKnight the Vine Stalker Ice Elementalist began the
                  | quest for the Orb.
     0 | D        | Reached XP level 1. HP: 9/9 MP: 4/4
     0 | D        | Found a shimmering blue altar of Sif Muna.
     0 | D        | Found a sacrificial altar of Ru.
     0 | D        | Found a bloodstained altar of Trog.
     0 | D        | Found a stormy altar of Qazlal.
     0 | D        | Found an iron altar of Okawaru.
     0 | D        | Found a sparkling altar of Nemelex Xobeh.
     0 | D        | Found a blossoming altar of Fedhas.
     0 | D        | Found the +6 Majin-Bo {vamp, MP+6 Int+6}
     0 | D        | Found the +9 heavy crossbow "Sniper" {vorpal, Acc+∞ SInv}
     0 | D        | Found the +10 dark maul {vorpal}
     0 | D        | Found the +15 Maxwell's patent armour {-Cast -Tele rElec
                  | Will+ rCorr}
     0 | D        | Found the +18 shield of the Gong {rElec rN+ Will+ EV-5}
     0 | D        | Found the +14 obsidian axe {vorpal, Mesm Drain Fly SInv}
     0 | D        | Found the +7 great mace "Firestarter" {inner flame, rF++}
     0 | D        | Found the +6 shillelagh "Devastator" {shatter}
     0 | D        | Found the +11 plutonium sword {Contam Stlth-}
     0 | D        | Found the +8 lance "Wyrmbane" {slay drac, rPois rF+ rC+
                  | AC+3}
     0 | D        | Found the +9 sword of Zonguldrok {reap}
     0 | D        | Found the +13 scythe of Curses {drain, Drain}
     0 | D        | Found the +5 sword of Power {vorpal}
     0 | D        | Found the +7 mace of Variability {chain chaos}
     0 | D        | Found the +7 Singing Sword {vorpal, sonic wave}
     0 | D        | Found the +8 storm bow {elec, penet}
     2 | D        | Found a transporter.
     2 | D        | Found an ancient bone altar of Kikubaaqudgha.
     2 | D        | Found a viscous altar of Jiyva.
     2 | D        | Found a corrupted altar of Lugonu.
     2 | D        | Found a hazy altar of Hepliaklqana.
     2 | D        | Found a burning altar of Makhleb.
     2 | D        | Found an opulent altar of Gozag.
    44 | D        | Became a worshipper of Gozag Ym Sagoz the Greedy
    52 | D        | Entered arena 2.
    52 | D        | Noticed a large abomination
    52 | D        | Noticed a crimson imp
    52 | D        | Found a transporter.
    58 | D        | Killed a large abomination
    59 | D        | Reached skill level 10 in Ice Magic
    59 | D        | Reached skill level 1 in Evocations
    59 | D        | Reached XP level 2. HP: 16/16 MP: 5/8
    59 | D        | Reached XP level 3. HP: 20/20 MP: 5/9
    59 | D        | Gained mutation: Your natural rate of healing is unusually
                  | fast. [Vine Stalker growth]
    59 | D        | Reached XP level 4. HP: 24/24 MP: 6/11
    59 | D        | Reached XP level 5. HP: 28/28 MP: 6/12
    68 | D        | Reached XP level 6. HP: 33/33 MP: 12/14
    75 | D        | Got Epsouh's Secret Knowledge in Simple Steps
    80 | D        | Learned a level 3 spell: Frozen Ramparts
    84 | D        | Learned a level 3 spell: Ozocubu's Armour
    89 | D        | Learned a level 4 spell: Hailstorm
    96 | D        | Entered arena 3.
    96 | D        | Found a transporter.
    99 | D        | Reached skill level 5 in Spellcasting
   119 | D        | Entered arena 4.
   119 | D        | Found the +2 Maxwell's thermic engine {flame, freeze}
   119 | D        | Found a transporter.
   122 | D        | Reached skill level 11 in Ice Magic
   130 | D        | Reached skill level 5 in Fighting
   130 | D        | Reached XP level 7. HP: 38/39 MP: 14/17
   149 | D        | Learned a level 5 spell: Freezing Cloud
   156 | D        | Entered arena 5.
   156 | D        | Noticed a wretched star
   156 | D        | Noticed a hellwing
   156 | D        | Found a transporter.
   162 | D        | Entered arena 6.
   162 | D        | Found a transporter.
   163 | D        | Gained mutation: You have razor-sharp teeth. [Vine Stalker
                  | growth]
   163 | D        | Reached XP level 8. HP: 34/45 MP: 12/18
   254 | D        | Got the amulet of Xieviof {Rampage rF+ Regen+ Str-2 Dex+4}
   276 | D        | Entered arena 7.
   276 | D        | Noticed a shining eye
   276 | D        | Noticed a red ugly thing
   276 | D        | Noticed a fire crab
   280 | D        | Reached skill level 5 in Conjurations
   280 | D        | Reached skill level 5 in Air Magic
   282 | D        | Killed a shining eye
   283 | D        | Reached skill level 5 in Dodging
   283 | D        | Reached skill level 12 in Ice Magic
   283 | D        | Killed a fire crab
   284 | D        | Reached XP level 9. HP: 45/52 MP: 15/19
   285 | D        | Killed a red ugly thing
   288 | D        | Found a transporter.
   298 | D        | Got the Papyrus of the Penguin
   321 | D        | Learned a level 5 spell: Metabolic Englaciation
   324 | D        | Learned a level 2 spell: Sublimation of Blood
   375 | D        | Entered arena 8.
   375 | D        | Noticed a wolf spider
   382 | D        | Killed a wolf spider
   383 | D        | Reached skill level 10 in Fighting
   383 | D        | Reached skill level 13 in Ice Magic
   383 | D        | Reached XP level 10. HP: 59/59 MP: 11/22
   498 | D        | Found a transporter.
   521 | D        | Got the ring "Gaykleqe" {Fly rPois rF+ rN+ Dex+3}
   524 | D        | Entered arena 9.
   538 | D        | Found a transporter.
   590 | D        | Got the Meditations on Allied Ensorcelling
   606 | D        | Entered arena 10.
   609 | D        | Found a transporter.
   665 | D        | Entered arena 11.
   672 | D        | Found a transporter.
   673 | D        | HP: 2/60 [merfolk/boomerang (19)]
   683 | D        | Reached skill level 10 in Air Magic
   767 | D        | Entered arena 12.
   767 | D        | Found the +6 arbalest "Damnation" {damnation}
   767 | D        | Noticed an ancient champion
   767 | D        | Noticed a war gargoyle
   767 | D        | Noticed an ancient champion
   767 | D        | Noticed a war gargoyle
   767 | D        | Noticed a war gargoyle
   769 | D        | Noticed a quicksilver elemental
   769 | D        | Noticed a war gargoyle
   770 | D        | Noticed a war gargoyle
   771 | D        | Killed from afar by a war gargoyle

Vanquished Creatures
  A fire crab (shapeshifter) (D)
  An ugly thing (D)
  A shining eye (D)
  A wolf spider (D)
  A large abomination (D)
  5 merfolk (D)
  A wind drake (D)
  A jumping spider (D)
  A golden eye (shapeshifter) (D)
  A human (shapeshifter) (D)
  A neqoxec (D)
  A redback (D)
  A hell hound (D)
  3 centaurs (D)
  A phantom (D)
  3 scorpions (D)
  4 necrophages (D)
  2 crimson imps (D)
  2 iron imps (D)
  2 shadow imps (D)
  A white imp (D)
  2 ufetubi (D)
  An adder zombie (D)
  2 bat skeletons (D)
  5 ball python skeletons (D)
  3 ball python zombies (D)
  A giant cockroach zombie (D)
  A quokka zombie (D)
50 creatures vanquished.

Table legend: (Time is in decaauts)
 A = Elapsed time spent in this place.
 B = Non-inter-level travel time spent in this place.
 C = Inter-level travel time spent in this place.
 D = Time resting spent in this place.
 E = Time spent auto-exploring this place.
 F = Levels seen in this place.
 G = Mean time per level.
                   A        B        C        D        E       F      G
               +--------+--------+--------+--------+--------+-----+--------+
         Total |    757 |    757 |      0 |    265 |      0 |   1 |  757.0 |
       Dungeon |    757 |    757 |      0 |    265 |      0 |   1 |  757.0 |
               +--------+--------+--------+--------+--------+-----+--------+

Top non-repeatable levels by time:
       D: 757 daAuts

Table legend:
 A = Non-vault XP
 B = Vault XP
 C = Vault XP percentage of total XP
 D = Non-vault monster count
 E = Vault monster count
 F = Vault count percentage of total count
                 A         B        C        D         E       F
            +---------+---------+-------+---------+---------+-------
      Total |       0 |    6743 | 100.0 |       0 |      50 | 100.0
            +---------+---------+-------+---------+---------+-------
          D |       0 |    6743 | 100.0 |       0 |      50 | 100.0
            +---------+---------+-------+---------+---------+-------
